 Dungeon Crawl Stone Soup version 0.19.1 (webtiles) character file.

64 Drake the Conjurer (level 3, -4/19 HPs)
             Began as a Deep Elf Conjurer on May 22, 2017.
             Slain by Sigmund
             ... wielding a +1 scythe of protection
              (10 damage)
             ... on level 2 of the Dungeon.
             The game lasted 00:10:10 (1852 turns).

Drake the Conjurer (Deep Elf Conjurer)              Turns: 1852, Time: 00:10:10

Health: -4/19      AC:  3    Str:  6    XL:     3   Next: 91%
Magic:  9/10       EV: 13    Int: 19    God:
Gold:   51         SH:  0    Dex: 18    Spells: 1 memorised, 9 levels left

rFire  . . .     SeeInvis .     g - +0 quarterstaff (distort)
rCold  . . .     Gourm    .     a - +0 robe
rNeg   . . .     Faith    .     (shield currently unavailable)
rPois  .         Spirit   .     (no helmet)
rElec  .         Reflect  .     k - +0 cloak
rCorr  .         Harm     .     (no gloves)
MR     .....                    (no boots)
Stlth  ++........               (no amulet)
                                (no ring)
                                e - +3 ring of dexterity

@: no status effects
A: no striking features
a: no special abilities


You were on level 2 of the Dungeon.
You were not hungry.

You visited 1 branch of the dungeon, and saw 2 of its levels.

You collected 51 gold pieces.

Inventory:

Hand Weapons
 g - a +0 quarterstaff of distortion (weapon)
Armour
 a - a +0 robe (worn)
 k - a +0 cloak (worn)
Jewellery
 e - a +3 ring of dexterity (left hand)
Wands
 d - a wand of teleportation (1/9)
Books
 b - a book of Conjurations

   Spells                             Type                      Level
   a - Magic Dart                     Conjuration                  1
   b - Searing Ray                    Conjuration                  2
   c - Dazzling Spray                 Conjuration/Hexes            3
   d - Fulminant Prism                Conjuration/Hexes            4
   e - Iskenderun's Mystic Blast      Conjuration                  4
   f - Iskenderun's Battlesphere      Conjuration/Charms           5
Comestibles
 c - a bread ration
 h - a royal jelly
 i - a meat ration


   Skills:
 + Level 1.4 Armour
 - Level 2.4 Dodging
 - Level 2.4 Stealth
 + Level 4.1 Spellcasting
 + Level 5.0 Conjurations


You had 9 spell levels left.
You knew the following spells:

 Your Spells              Type           Power        Failure   Level  Hunger
a - Magic Dart            Conj           ###.         1%          1    None


Dungeon Overview and Level Annotations

Branches:
Dungeon (2/15)

Altars:
Qazlal

Annotations:
D:2 Sigmund


Message History

There is a stone staircase leading down here.
You start resting.
Magic restored.
You start resting.
HP restored.
You climb downwards.
Level annotation: Sigmund Sigmund hits you from afar with a scythe of protection.
There is a stone staircase leading up, spattered with blood here.
Casting: Magic Dart
Confirm with . or Enter, or press ? or * to list all spells.
Aiming: Magic Dart
Press: ? - help, Shift-Dir - straight line, f - Sigmund
Aim: Sigmund, wielding a scythe of protection and wearing a runed robe The magic dart hits Sigmund.
Sigmund hits you from afar with a scythe of protection!
Ouch! That really hurt!
Sigmund hits you from afar with a scythe of protection!
Ouch! That really hurt!
You die...

#....### . #.##.## .#
#.##..# .# #####.# .#
≈..≈. #.###.#
.≈≈..##. #.....#
.......#.# ##.@..##
.........# #..#..#
....#....####...@.#
....#.......)...###
.........##..##.##
...................
..........#..######
..........##.#
.........###.########
.........# #..#.....#
....)..#.####.......#
.#


You could see Sigmund.

Vanquished Creatures
  Ijyb (D:2)
  A worm (D:2)
  3 dart slugs (D:1)
  2 leopard geckos (D:2)
  A bat (D:2)
  4 goblins
  4 hobgoblins
  3 jackals (D:2)
  4 kobolds
  A frilled lizard (D:2)
24 creatures vanquished.

Notes
Turn   | Place    | Note
-------+----------+-------------------------------------------
     0 | D:1      | Drake the Deep Elf Conjurer began the quest for the Orb.
     0 | D:1      | Reached XP level 1. HP: 10/10 MP: 6/6
   787 | D:1      | Reached XP level 2. HP: 15/15 MP: 4/8
  1001 | D:2      | Reached skill level 1 in Armour
  1004 | D:2      | Found a stormy altar of Qazlal.
  1021 | D:2      | Noticed Ijyb
  1079 | D:2      | Killed Ijyb
  1079 | D:2      | Reached skill level 5 in Conjurations
  1079 | D:2      | Reached XP level 3. HP: 19/19 MP: 2/10
  1374 | D:2      | Noticed Sigmund
  1852 | D:2      | Slain by Sigmund

Skill      XL: |  1  2  3 |
---------------+----------+-----
Armour         | 1 |  1.4
Conjurations   | 5 |  5.0
Spellcasting   | 4 |  4.1
Dodging        | |  2.4
Stealth        | |  2.4

Action                   || total
-------------------------++-------
Melee: Short sword       ||    13
       Quarterstaff      ||     6
 Cast: Magic Dart        ||    61
  Use: Scroll            ||     5
       Potion            ||     3
 Stab: Sleeping          ||     1
  Eat: Bread ration      ||     1
Armor: Robe              ||     5
Dodge: Dodged            ||    27
